 Dungeon Crawl Stone Soup version 0.28.0-53-g5a82cb258f (webtiles) character file.

Game seed: 7703860306864284782

172 Zeld the Magician (level 5, -4/28 HPs)
             Began as a Deep Elf Conjurer on June 3, 2022.
             Slain by an ogre
             ... wielding a +0 giant spiked club
              (12 damage)
             ... on level 4 of the Dungeon.
             The game lasted 00:03:28 (3407 turns).

Zeld the Magician (Deep Elf Conjurer)               Turns: 3407, Time: 00:03:28

Health: -4/28      AC:  2    Str:  4    XL:     5   Next: 27%
Magic:  12/15      EV: 12    Int: 25    God:
Gold:   38         SH:  0    Dex: 15    Spells: 4/15 levels left

rFire   . . .      SeeInvis .   a - +10 falchion of Amorous Responsibility {spect, Fragile +Blink rCorr Dex+2}
rCold   . . .      Faith    .   (no shield)
rNeg    . . .      Spirit   .   l - +0 robe
rPois   .          Reflect  .   (no helmet)
rElec   .          Harm     .   (no cloak)
rCorr   +          Rampage  .   (no gloves)
Will    .....                   (no boots)
Stlth   ++........              (no amulet)
HPRegen 0.09/turn               (no ring)
MPRegen 0.14/turn               (no ring)

@: no status effects
A: no striking features
a: Evoke Blink


You were on level 4 of the Dungeon.
You visited 1 branch of the dungeon, and saw 4 of its levels.

You collected 122 gold pieces.
You spent 84 gold pieces at shops.

Inventory:

Hand Weapons
 a - the +10 falchion of Amorous Responsibility (weapon) {spect, Fragile +Blink rCorr Dex+2}
   (You found it on level 2 of the Dungeon)

   When its wielder attacks, the weapon's spirit leaps out and strikes again.
   The spirit shares a part of any damage it takes with its wielder.
   Dex:       It affects your dexterity (+2).
   +Blink:    It lets you blink.
   rCorr:     It protects you from acid and corrosion.
   Fragile:   It will be destroyed if unequipped.
Armour
 l - a +0 robe (worn)
Wands
 k - a wand of acid (7)
Scrolls
 d - 2 scrolls of identify {unknown}
 g - a scroll of enchant armour {unknown}
 i - a scroll of amnesia {unknown}
 j - a scroll of torment {unknown}
 m - a scroll of vulnerability {unknown}
 n - a scroll of teleportation {unknown}
 o - a scroll of enchant weapon {unknown}
 p - a scroll of immolation {unknown}
Potions
 b - 3 potions of curing
 c - a potion of heal wounds {unknown}
 e - 2 potions of degeneration {unknown}
 f - 2 potions of cancellation {unknown}
 h - 3 potions of invisibility {unknown}


   Skills:
 + Level 2.5 Dodging
 - Level 2.4 Stealth
 * Level 5.5 Spellcasting
 + Level 5.1 Conjurations
 - Level 2.0 Hexes
 - Level 2.0 Translocations
 * Level 0.4 Evocations


You had 4 spell levels left.
You knew the following spells:

 Your Spells              Type           Power      Damage    Failure   Level
a - Magic Dart            Conj           100%       1d8       1%          1
b - Searing Ray           Conj           64%        2d6       1%          2
c - Fulminant Prism       Conj/Hex       12%        3d9       19%         4
d - Iskenderun's Mystic   Conj/Tloc      24%        2d7       19%         4

Your spell library contained the following spells:

 Spells                   Type           Power      Damage    Failure   Level
 Dazzling Flash           Conj/Hex       48%        N/A       5%          3
 Summon Small Mammal      Summ           24%        N/A       8%          1
 Summon Guardian Golem    Hex/Summ       11%        N/A       16%         3
 Call Canine Familiar     Summ           6%         N/A       24%         3


Dungeon Overview and Level Annotations

Branches:
Dungeon (4/15)
 Temple: D:4-7

Altars:
Dithmenos
Nemelex Xobeh
Qazlal
Vehumet

Shops:
D:3 !


Message History

Search for what [Enter for "armor", or ? for help]?
Done exploring.
You see here 11 stones.
There is a stone staircase leading down here.
You climb downwards.
There is a stone staircase leading up here.
You open the door.
There is an open door here.
A gnoll and an adder come into view.
There are monsters nearby!
There are monsters nearby!
An ogre comes into view. It is wielding a +0 giant spiked club.
A gnoll comes into view. It is wielding a +0 spear.
The gnoll shouts! x2; The ogre shouts!
You hear a shout!
The adder hisses angrily.
There is an open door here.
Casting: Searing Ray (safe; 1% risk of failure)
Confirm with . or Enter, or press ? or * to list all spells.
Aiming: Searing Ray (safe; 1% risk of failure)
Press: ? - help, Shift-Dir - straight line, f - ogre
Aim: an ogre, wielding a +0 giant spiked club (91% to hit)
The searing ray misses the ogre. (Press . to maintain the ray.) Unknown command.
The searing ray hits the ogre.
The ogre is lightly wounded.
The searing ray hits the adder.
The adder is moderately wounded.
A gnoll comes into view. It is wielding a +0 whip.
The gnoll moves out of view.
The searing ray hits the ogre!
The ogre is moderately wounded.
The searing ray hits the adder.
The adder is severely wounded.
The ogre hits you with a +0 giant spiked club!!
Ouch! That really hurt!
* * * LOW HITPOINT WARNING * * *
There is a stone staircase leading up here.
The ogre hits you with a +0 giant spiked club!
You die...

#..g.# #g#
#.# #g#
##'##
##g..##
##.....#..
##OS.....#
#@........#
+.........+
#.........#
##.......##
##.....#..
##...##.#
#+##


You could see an ogre, 2 gnolls and an adder.

Vanquished Creatures
  An iguana (D:3)
  7 gnolls
  An adder (D:3)
  2 worms
  2 dart slugs (D:1)
  7 endoplasms
  A giant cockroach (D:1)
  5 goblins
  6 hobgoblins
  4 kobolds
  3 quokkas
  6 ball pythons
  10 bats
  2 frilled lizards
  6 rats
63 creatures vanquished.

Notes
Turn   | Place    | Note
-------+----------+-------------------------------------------
     0 | D:1      | Zeld the Deep Elf Conjurer began the quest for the Orb.
     0 | D:1      | Reached XP level 1. HP: 10/10 MP: 6/6
   177 | D:1      | Reached skill level 1 in Hexes
   198 | D:1      | Reached XP level 2. HP: 15/15 MP: 5/8
   228 | D:1      | Learned a level 2 spell: Searing Ray
   420 | D:1      | Found a faded altar of an unknown god.
   588 | D:1      | Reached skill level 1 in Translocations
   944 | D:1      | Reached XP level 3. HP: 19/19 MP: 7/10
  1485 | D:2      | Reached XP level 4. HP: 24/24 MP: 2/12
  1491 | D:2      | Learned a level 4 spell: Fulminant Prism
  1496 | D:2      | Learned a level 4 spell: Iskenderun's Mystic Blast
  2039 | D:2      | Identified the +10 falchion of Amorous Responsibility
                  | {spect, Fragile +Blink rCorr Dex+2}
  2155 | D:3      | Found a shadowy altar of Dithmenos.
  2180 | D:3      | Reached skill level 5 in Spellcasting
  2180 | D:3      | Reached skill level 5 in Conjurations
  2455 | D:3      | Found Pasec's Distillery.
  2465 | D:3      | Bought 2 potions of curing for 84 gold pieces
  2492 | D:3      | Reached XP level 5. HP: 5/28 MP: 4/14
  2886 | D:3      | Found a radiant altar of Vehumet.
  2892 | D:3      | Found a stormy altar of Qazlal.
  2897 | D:3      | Found a sparkling altar of Nemelex Xobeh.
  3395 | D:4      | Noticed an ogre
  3407 | D:4      | Slain by an ogre

Illustrated notes

Levels and vault maps discovered:
D:1:      nzn_arrival_water_spiral, layout_loops_ring,
          ebering_ecumenical_altar_box
D:2:      layout_rooms
D:3:      layout_basic, nicolae_dithmenos_the_darkroom,
          minmay_overflow_temple_star_quad, serial_shops, shop_fountains
D:4:      minmay_wonky_spiral, layout_loops_corners,
          mainiacjoe_overflow_24_doors, minmay_temple_entry_wispy, serial_shops,
          kennysheep_little_box, nicolae_lakefront_shop, shop,
          nicolae_diamond_shop

Skill      XL: |  1  2  3  4 |
---------------+-------------+-----
Hexes          | 1 2 |  2.0
Translocations | 1 2 |  2.0
Spellcasting   | 4 5 |  5.5
Conjurations   | 5 |  5.1
Dodging        | |  2.5
Stealth        | |  2.4
Evocations     | |  0.4

Action                   |  1- 3 |  4- 6 || total
-------------------------+-------+-------++-------
Melee: Unarmed           |     9 |     2 ||    11
       Falchion          |       |     9 ||     9
 Cast: Magic Dart        |    15 |       ||    15
       Searing Ray       |    25 |    23 ||    48
 Abil: Evoke Blink       |       |     1 ||     1
 Stab: Sleeping          |     3 |     1 ||     4
Armor: Robe              |     8 |     6 ||    14
Dodge: Dodged            |    13 |    19 ||    32
